[Event "*** Qualifier 4: Titled Tuesday 3|2 Blitz"]
[Site "Chess.com"]
[Date "2017.04.25"]
[Round "8"]
[White "Bugcrusher"]
[Black "ChristopherYoo"]
[Result "0-1"]
[WhiteElo "2451"]
[BlackElo "2298"]
[TimeControl "180+2"]
[EndTime "14:45:31 PDT"]
[Termination "ChristopherYoo won by resignation"]

1. d4 Nf6 2. c4 g6 3. Nc3 d5 4. cxd5 Nxd5 5. e4 Nxc3 6. bxc3 Bg7 7. Nf3 c5 8. Be2 Qa5 9. O-O Nc6 10. d5 Bxc3 11. Rb1 Nd4 12. Nxd4 Bxd4 13. Bb5+ Kf8 14. Bh6+ Bg7 15. Qc1 Qc7 16. Qb2 f6 17. Bd2 b6 18.
f4 Bd7 19. Bc3 Bxb5 20. Qxb5 Rd8 21. Rbd1 Qd7 22. Qa6 f5 23. e5 Qc7 24. d6 exd6 25. exd6 Rxd6 26. Rxd6 Qxd6 27. Qc8+ Kf7 28. Qb7+ Qe7 29.
Qxe7+ Kxe7 30. Bxg7 Rd8 31. Be5 Rd2 32. a4 Ra2 33.
Ra1 Rxa1+ 34. Bxa1 Kd6 35. Kf2 Kd5 36. Ke3 Kc4 37.
Be5 Kb3 38. Bb8 c4 39. Kd2 a6 40. Bc7 b5 41. axb5 axb5 42. Be5 b4 43. g3 c3+ 44.
Kc1 Kc4 45. Kc2 b3+ 46. Kc1 Kd3 47. h3 b2+ 48. Kb1 c2+ 49. Kxb2 Kd2 0-1

[Event "*** Qualifier 4: Titled Tuesday 3|2 Blitz"]
[Site "Chess.com"]
[Date "2017.04.25"]
[Round "8"]
[White "Fandorine"]
[Black "Zlatan56"]
[Result "1-0"]
[WhiteElo "2707"]
[BlackElo "2610"]
[TimeControl "180+2"]
[EndTime "14:45:33 PDT"]
[Termination "Fandorine won by resignation"]

1. e4 e5 2. Nf3 Nc6 3. Bb5 Nf6 4.
d3 Bc5 5. Bxc6 dxc6 6. Nbd2 Nd7 7. Qe2 Qe7 8. Nc4 f6 9. Bd2 Nb6 10. Ne3 Be6 11. h4 O-O-O 12. h5 Kb8 13. a4 a6 14. Nh4 Qd7 15. Nf3 Qe7 16. Kf1 g6 17.
g3 Bd6 18. Kg2 f5 19. a5 Nd7 20. Nc4 fxe4 21. dxe4 Rdf8 22. Ng5 Bxc4 23. Qxc4 h6 24. Nf3 Qf6 25. Qe2 g5 26. Nh2 Nc5 27. Ng4 Qf7 28.
f3 Ne6 29. c3 Rd8 30. Be3 Qg7 31. Rad1 Rd7 32. b4 Rhd8 33. Bf2 c5 34. b5 axb5 35.
Qxb5 c6 36. Qe2 Bf8 37. Rxd7 Qxd7 38. Rb1 Ka7 39. Nxe5 Qd2 40. Qc4 Rd6 41. Qb3 Nd8 42.
Nc4 Qd3 43. Nxd6 Qxd6 44. Rd1 1-0

[Event "*** Qualifier 4: Titled Tuesday 3|2 Blitz"]
[Site "Chess.com"]
[Date "2017.04.25"]
[Round "8"]
[White "Rock700chess"]
[Black "djano"]
[Result "1-0"]
[WhiteElo "2281"]
[BlackElo "2401"]
[TimeControl "180+2"]
[EndTime "14:45:37 PDT"]
[Termination "Rock700chess won by resignation"]

1. e4 e6 2. d4 d5 3. Nc3 dxe4 4.
Nxe4 Nd7 5. Nf3 Ngf6 6. Neg5 Be7 7. Nxf7 Kxf7 8. Ng5+ Kg8 9. Nxe6 Qe8 10. Bc4 Bb4+ 11. Kf1 Nb6 12. Nxc7+ Nxc4 13. Nxe8 Nxe8 14. c3 Bf8 15.
Qb3 Nd6 16. Be3 Be6 17. Qc2 Re8 18. Bf4 g6 19. b3 Nb6 20. Be5 Bf5 21. Qb2 Rxe5 22.
dxe5 Ne4 23. f3 Nc5 24. Rd1 Bd3+ 25. Kf2 Ba6 26. Qc2 Be7 27. b4 Ne6 28. a4 Bc4 29.
Rd2 Kf7 30. Rhd1 Rc8 31. a5 Na8 32. g3 Nac7 33. Qe4 Ba6 34. Rd7 Ke8 35. f4 Nb5 36. f5 Nxc3 37. Qg4 Nxd1+ 38. Qxd1 gxf5 39. Rxe7+ Kxe7 40. Qd6+ Ke8 41. Qxe6+ Kd8 42. Qxf5 Bb5 43. Qf8+ Kd7 44. e6+ Kc7 45. Qf4+ Kc6 46. e7 Kd7 47. Qf5+ Kc7 48. Qe5+ Kc6 49. e8=Q+ 1-0

[Event "*** Qualifier 4: Titled Tuesday 3|2 Blitz"]
[Site "Chess.com"]
[Date "2017.04.25"]
[Round "8"]
[White "rithwik2002"]
[Black "Enzy63"]
[Result "1-0"]
[WhiteElo "1820"]
[BlackElo "2005"]
[TimeControl "180+2"]
[EndTime "14:45:38 PDT"]
[Termination "rithwik2002 won by resignation"]

1. d4 d5 2. Bf4 Nf6 3. e3 e6 4.
Nf3 c5 5. c3 a6 6. Nbd2 Nc6 7.
Bd3 Bd6 8. Bg3 O-O 9. Ne5 Ne7 10. f4 b6 11. Qf3 Bb7 12. O-O b5 13. Bh4 Nf5 14.
Bxf6 Qxf6 15. Nd7 Qh4 16. Nxf8 Rxf8 17. Bxf5 exf5 18. Qg3 Qe7 19. Rae1 g6 20. Nf3 b4 21. Qh4 Qxh4 22. Nxh4 a5 23. h3 c4 24. g4 fxg4 25. hxg4 a4 26. Kg2 f6 27. f5 g5 28. Nf3 Kg7 29.
Rh1 Rh8 30. Rh5 h6 31. Reh1 Bc6 32. Re1 Be8 33. Rhh1 h5 34. gxh5 Bxh5 35. Nd2 b3 36. a3 g4 37. e4 Bf4 38. Nf1 g3 39. Nxg3 Bxg3 40. Kxg3 Kf7 41. Kf4 dxe4 42. Rxe4 Rh7 43. Rg1 Rh8 44. Re3 Rh7 45. Reg3 Kf8 46. Rg8+ Kf7 47.
Ra8 1-0

[Event "*** Qualifier 4: Titled Tuesday 3|2 Blitz"]
[Site "Chess.com"]
[Date "2017.04.25"]
[Round "8"]
[White "Wolverine_master"]
[Black "kharov2001"]
[Result "1-0"]
[WhiteElo "1985"]
[BlackElo "1927"]
[TimeControl "180+2"]
[EndTime "14:45:40 PDT"]
[Termination "Wolverine_master won by resignation"]

1. Nf3 Nf6 2. g3 g6 3. Bg2 Bg7 4. c4 O-O 5. O-O d6 6. Nc3 a6 7.
d3 e5 8. Bg5 h6 9. Bxf6 Bxf6 10. Rb1 Bg7 11. b4 Be6 12. Nd2 c6 13. a4 d5 14. b5 axb5 15. axb5 Nd7 16. cxd5 cxd5 17. Nxd5 Nc5 18. Nc3 Rc8 19. Nde4 Nxe4 20. Nxe4 f5 21. Nd2 Kh7 22. Bxb7 Rb8 23. Bg2 f4 24. Nc4 fxg3 25.
fxg3 Qd7 26. Rxf8 Bxf8 27. Kh1 Rxb5 28. Rxb5 Qxb5 29. Qc2 Bg7 30. Be4 Bf7 31. Nd6 Qd7 32. Nxf7 Qxf7 33. Kg2 Qf6 34. Qc6 Qf7 35. h4 Bf8 36. h5 Qe7 37. Qxg6+ Kh8 38. Bd5 Bg7 39. Qf7 Qd8 40. Bc6 Qf8 41. Qxf8+ Bxf8 42. Kf3 Bc5 43. Ke4 Bd6 44. g4 Kg7 45. Kf5 Bc7 46. e3 Bd6 47. d4 exd4 48. exd4 Bg3 49. Ke6 Kf8 50. d5 Bc7 51. d6 Bd8 52. Kd7 Bf6 53. Kc8 Kg7 54.
d7 Be7 55. d8=Q Bxd8 56. Kxd8 Kf6 57. Bf3 Kg5 58. Bd1 Kh4 59. Ke7 Kg3 60. Kf6 Kf4 61. Kg6 Kg3 62. Kxh6 1-0

[Event "*** Qualifier 4: Titled Tuesday 3|2 Blitz"]
[Site "Chess.com"]
[Date "2017.04.25"]
[Round "8"]
[White "rubhani"]
[Black "LyonBeast"]
[Result "0-1"]
[WhiteElo "2452"]
[BlackElo "2816"]
[TimeControl "180+2"]
[EndTime "14:45:43 PDT"]
[Termination "LyonBeast won by resignation"]

1. e4 c5 2. Nf3 d6 3. d4 cxd4 4. Nxd4 Nf6 5. Nc3 a6 6. Be2 e5 7. Nb3 Be7 8. Qd3 Be6 9. O-O O-O 10. Nd5 Nxd5 11. exd5 Bd7 12. a4 f5 13. f4 Bf6 14. c3 Qb6+ 15. Be3 Qxb3 16. Rfb1 exf4 17. Bf2 b5 18. Ra3 Qc4 19. axb5 Qxd3 20. Bxd3 a5 21. b4 a4 22. c4 Bc8 23. c5 Nd7 24. c6 Ne5 25. Bf1 Ng4 26. b6 Nxf2 27. b7 Bxb7 28. cxb7 Rab8 29. Kxf2 Rxb7 30. Rxa4 Bd4+ 31. Kf3 g5 32. b5 Be3 33. h3 h5 34. Bd3 g4+ 35. Ke2 Re7 36. Kf1 Kg7 37. b6 Kf6 38. b7 Rb8 39.
Ra8 Rbxb7 40. Rxb7 Rxb7 41. Rf8+ Kg5 42. Rxf5+ Kh4 43.
hxg4 hxg4 44. Be4 Rb2 45. Rf6 Rf2+ 46. Ke1 f3 47. Rh6+ Kg3 48. gxf3 Bxh6 0-1

[Event "*** Qualifier 4: Titled Tuesday 3|2 Blitz"]
[Site "Chess.com"]
[Date "2017.04.25"]
[Round "8"]
[White "Noukii"]
[Black "GMBenjaminBok"]
[Result "0-1"]
[WhiteElo "2626"]
[BlackElo "2643"]
[TimeControl "180+2"]
[EndTime "14:46:00 PDT"]
[Termination "GMBenjaminBok won by resignation"]

1. d4 g6 2. c4 Bg7 3. Nc3 Nf6 4.
e4 d6 5. Nf3 O-O 6. Be2 e5 7.
O-O Nc6 8. d5 Ne7 9. Nh4 Ne8 10.
g3 Bh3 11. Re1 f5 12. exf5 gxf5 13. f4 Ng6 14. Nf3 h6 15. Kh1 Nf6 16. Ng1 Bg4 17. h3 Bxe2 18. Qxe2 Qd7 19. Bd2 Rae8 20. Qf3 e4 21.
Qf2 c6 22. Be3 cxd5 23. cxd5 h5 24. Nge2 b5 25. a3 a5 26. Red1 Rc8 27. Rd2 b4 28. axb4 axb4 29. Na4 Ra8 30. b3 Nxd5 31. Rad1 Nxe3 32.
Qxe3 Rf6 33. Nb6 Qa7 34. Rxd6 Raf8 35. Qc5 h4 36. Nd7 Qxc5 37. Nxc5 hxg3 38. Nd7 Rxd6 39. Rxd6 Rd8 40. Kg2 Nf8 41. Nxg3 Rxd7 42. Rxd7 Nxd7 43. Nxf5 Nc5 44. Ne7+ Kf7 45. Nd5 Bc3 46. Kf2 Nxb3 47. Ke3 Nc5 48. h4 Ke6 49. Nc7+ Kf5 50. Nd5 Ne6 51.
Ne7+ Kg4 52. Nd5 Nc5 53. h5 Kxh5 54. f5 Kg5 55. f6 Kg6 56. Kf4 Bd2+ 57. Kg4 b3 0-1

[Event "*** Qualifier 4: Titled Tuesday 3|2 Blitz"]
[Site "Chess.com"]
[Date "2017.04.25"]
[Round "8"]
[White "rasool78"]
[Black "Outsmiter"]
[Result "1-0"]
[WhiteElo "2231"]
[BlackElo "2032"]
[TimeControl "180+2"]
[EndTime "14:46:08 PDT"]
[Termination "rasool78 won by checkmate"]

1. e4 d6 2. Nc3 Nf6 3. g3 g6 4. Bg2 Bg7 5. d3 O-O 6. Nge2 Nc6 7. O-O e5 8. h3 a6 9. f4 Nd4 10. g4 b5 11. Nxd4 exd4 12. Ne2 Nd7 13. Qe1 Bb7 14. Qf2 c5 15. f5 Be5 16. Bh6 Qe7 17. Bxf8 Rxf8 18. Nf4 g5 19. Ne2 Qf6 20.
Ng3 Bxg3 21. Qxg3 Ne5 22. Kf2 Rc8 23. Rh1 c4 24. Rac1 c3 25. b3 Kf8 26. h4 Ke7 27.
Bf3 h6 28. hxg5 Qxg5 29. Qh4 Rg8 30. Qxg5+ hxg5 31. Rh6 Bc6 32. a3 a5 33. Rch1 b4 34.
axb4 axb4 35. Ra1 Rb8 36. Ra7+ Bb7 37. Kg3 Nc6 38. Ra4 Bc8 39. Rh8 Kd7 40. e5 Nxe5 41.
Ra7+ Rb7 42. Bxb7 Bxb7 43. Rxb7+ Kc6 44. Rxb4 Nxd3 45. cxd3 Kc5 46. Rc4+ Kd5 47. b4 c2 48. b5 f6 49. b6 Ke5 50. b7 Kd5 51. b8=Q c1=Q 52.
Qg8+ Ke5 53. Qe6# 1-0

[Event "*** Qualifier 4: Titled Tuesday 3|2 Blitz"]
[Site "Chess.com"]
[Date "2017.04.25"]
[Round "8"]
[White "biostatistician"]
[Black "ChessQueen"]
[Result "0-1"]
[WhiteElo "2447"]
[BlackElo "2512"]
[TimeControl "180+2"]
[EndTime "14:46:14 PDT"]
[Termination "ChessQueen won on time"]

1. d4 Nf6 2. Nf3 b6 3. Bg5 g6 4. Bxf6 exf6 5. e4 Bb7 6. Nc3 Bg7 7. Bd3 O-O 8. O-O d6 9. Re1 Nd7 10. a4 a5 11. Qd2 Re8 12. Re2 Nf8 13. Rae1 Ne6 14.
Bc4 Qd7 15. b3 Rad8 16. Nd5 Qc8 17. h3 Qb8 18. Nf4 Nxf4 19. Qxf4 Re7 20. Bd5 c6 21. Bc4 Rde8 22. Qd2 Ba8 23. d5 b5 24. axb5 cxb5 25. Bd3 Ra7 26. c4 bxc4 27. Bxc4 Qb6 28. Qd3 Rae7 29.
Qe3 Qb4 30. Qd2 f5 31. Qxb4 axb4 32. exf5 Rxe2 33. Rxe2 Rxe2 34. Bxe2 Bxd5 35. fxg6 Bxb3 36. gxh7+ Kxh7 37. Nd2 Bc2 38. Bc4 Kg6 39. Bb3 Bd3 40.
f4 Bd4+ 41. Kh2 Be3 42. Nf3 Bxf4+ 43. g3 Be5 44. Kg2 Bg7 45. g4 Kf6 46. h4 Be4 47. Kg3 d5 48. Nd4 Bf8 49. Kf4 Bd6+ 50. Ke3 Bg3 51. Nc6 Bxh4 52. Nxb4 Ke5 53. Nd3+ Kd6 54.
Nf4 Bg5 55. Bxd5 Bxd5 0-1

[Event "*** Qualifier 4: Titled Tuesday 3|2 Blitz"]
[Site "Chess.com"]
[Date "2017.04.25"]
[Round "8"]
[White "Rating-Schmating"]
[Black "MorpheusPro"]
[Result "1-0"]
[WhiteElo "2226"]
[BlackElo "2032"]
[TimeControl "180+2"]
[EndTime "14:46:25 PDT"]
[Termination "Rating-Schmating won by resignation"]

1. e4 e5 2. Nf3 Nc6 3. d4 exd4 4. Nxd4 Bc5 5. Nxc6 Qf6 6. Qf3 Qxf3 7. gxf3 bxc6 8. Bc4 Ne7 9. Nc3 a5 10. f4 Ba6 11. Bxa6 Rxa6 12. Be3 Bb4 13. Bd2 Bxc3 14. Bxc3 O-O 15. Rg1 f6 16. O-O-O d6 17. Rd3 Rf7 18. Rdg3 Ng6 19. Bd2 d5 20. exd5 cxd5 21. Ra3 c5 22.
f5 Ne7 23. Rxa5 Rxa5 24. Bxa5 Nxf5 25. Bc3 d4 26. Bd2 Re7 27. a4 Ra7 28. a5 Nd6 29. Re1 Nc4 30. b4 Nxd2 31. Kxd2 cxb4 32. Ra1 Kf7 33.
Kd3 Ke6 34. Kxd4 Kd6 35. Kc4 Rc7+ 36. Kb3 Rc3+ 37. Kxb4 Rxc2 38. a6 Rc8 39. a7 Ra8 40. Kb5 Kc7 41. Ka6 Re8 42. Rc1+ Kd6 43. Kb6 Kd7 44. Rc7+ Kd6 45. Rxg7 Re2 46. Rd7+ Kxd7 47. a8=Q Rb2+ 48. Kc5 Rxf2 49. Qb7+ Ke6 50. Qe4+ Kf7 51. Qxh7+ Ke6 52. Kd4 Rf4+ 53. Ke3 Rf5 54. Qg8+ Ke7 55. h4 Re5+ 56. Kf4 Kd6 57. Qd8+ Ke6 58. Qb6+ Kf7 59. Kg4 Kg6 60. Qb1+ f5+ 61. Kf3 Re4 62. Qg1+ Rg4 63. Qe1 Kh5 64. Qe5 Kxh4 65. Qxf5 Rg3+ 66. Kf2 Rg8 67. Qh7+ Kg5 68. Qxg8+ Kf6 69. Kf3 1-0

[Event "*** Qualifier 4: Titled Tuesday 3|2 Blitz"]
[Site "Chess.com"]
[Date "2017.04.25"]
[Round "8"]
[White "GMHess"]
[Black "Konavets"]
[Result "1-0"]
[WhiteElo "2585"]
[BlackElo "2683"]
[TimeControl "180+2"]
[EndTime "14:46:33 PDT"]
[Termination "GMHess won by resignation"]

1. e4 c5 2. Nf3 d6 3. Bb5+ Nd7 4.
c3 Nf6 5. Qe2 a6 6. Ba4 b5 7.
Bc2 e5 8. O-O Bb7 9. a4 c4 10.
axb5 axb5 11. Rxa8 Qxa8 12. Na3 Bxe4 13. Nxb5 Qc6 14. Bxe4 Nxe4 15. Na3 d5 16. Nc2 Bc5 17. d3 cxd3 18. Qxd3 O-O 19. Be3 Rb8 20. Rb1 Bxe3 21. Nxe3 Nef6 22. Qe2 Nc5 23. Nxe5 Qe6 24. Nf3 Nce4 25.
Rd1 h5 26. h3 g6 27. Nd4 Qb6 28. Nxd5 Qxb2 29. Nxf6+ Nxf6 30. Qf3 Kg7 31. g4 hxg4 32. hxg4 Qb6 33. g5 Nh7 34. Qf4 Re8 35. Nf3 Qc6 36. Rd3 Ra8 37. Qh4 Qb5 38. Re3 Qf5 39. Qd4+ Kg8 40.
Qe4 Qa5 41. Kg2 Rc8 42. Qf4 Qd5 43. Re5 Qb7 44. c4 Nf8 45. Rd5 Ne6 46. Qe4 Qb3 47.
Ne5 Qb7 48. Nxg6 Kg7 49. Nf4 Nc5 50. Nh5+ Kg8 51. Nf6+ Kf8 52. Rxc5 Qa6 53. Rxc8+ Qxc8 54. c5 Qb8 55. Nd7+ 1-0

[Event "*** Qualifier 4: Titled Tuesday 3|2 Blitz"]
[Site "Chess.com"]
[Date "2017.04.25"]
[Round "8"]
[White "PowerThinking2650"]
[Black "dhanushbharadwaj"]
[Result "1/2-1/2"]
[WhiteElo "2304"]
[BlackElo "2442"]
[TimeControl "180+2"]
[EndTime "14:46:33 PDT"]
[Termination "Game drawn by agreement"]

1. e4 c6 2. d4 d5 3. Nc3 dxe4 4.
Nxe4 Bf5 5. Ng3 Bg6 6. h4 h6 7.
Nf3 e6 8. h5 Bh7 9. Bd3 Bxd3 10. Qxd3 Nd7 11. Bd2 Ngf6 12. O-O-O Be7 13. Kb1 O-O 14. Ne4 Nxe4 15. Qxe4 Nf6 16. Qe2 Qd5 17. Ne5 Qe4 18. Qxe4 Nxe4 19. Be1 Rad8 20. f3 Nf6 21. Bf2 a6 22. g4 Rd6 23. c4 Rfd8 24. Kc2 Nd7 25.
f4 Nxe5 26. dxe5 Rxd1 27. Rxd1 Rxd1 28. Kxd1 f6 29. Bd4 Kf7 30. Ke2 Bd8 31. Kd3 Bc7 32. Ke4 Ba5 33. a3 Bd2 34. b4 a5 35. bxa5 Bxa5 36. a4 Bd2 37. f5 exf5+ 38. Kxf5 fxe5 39. Bxe5 Be1 40. Bd4 Bd2 41. Ke5 Ke7 42. Bc5+ Kd7 43. Kf5 Bc3 44. Bf8 Ke8 45. Bd6 Kd7 46. Bc5 Bf6 47.
Kg6 Ke8 48. Be3 Bc3 49. Kf5 Kf7 50. Bf4 Bb2 51. Be5 Bc1 52. Bd4 Ba3 53. c5 Bc1 54. Ke5 Ke7 55. Kf5 Kf7 56. Bf2 Ba3 57. Be3 Bb2 58. Bf2 Bc3 59. Be3 Be1 60. Bd4 Bd2 61.
Ke5 1/2-1/2

[Event "*** Qualifier 4: Titled Tuesday 3|2 Blitz"]
[Site "Chess.com"]
[Date "2017.04.25"]
[Round "8"]
[White "r31415"]
[Black "Schemato"]
[Result "0-1"]
[WhiteElo "2182"]
[BlackElo "2239"]
[TimeControl "180+2"]
[EndTime "14:46:51 PDT"]
[Termination "Schemato won on time"]

1. e4 e6 2. d4 d5 3. Nc3 Nf6 4. e5 Nfd7 5. f4 c5 6. Nf3 Nc6 7. Be3 Be7 8. Be2 O-O 9. O-O b6 10.
Qd2 f5 11. exf6 Nxf6 12. Rad1 Bd7 13. Qe1 Rc8 14. Kh1 Bd6 15. Ba6 Rb8 16. Ne5 cxd4 17. Nxc6 Bxc6 18. Bxd4 Qc7 19. Qxe6+ Kh8 20. Be5 Bxe5 21.
fxe5 Rbe8 22. Qd6 Qxd6 23. exd6 Re6 24. Nxd5 Rxd6 25. Nxf6 Rxd1 26. Rxd1 gxf6 27. Kg1 Kg7 28. Kf2 Re8 29. Rd6 Be4 30. Rd7+ Kg6 31. Bc4 Rc8 32. Bf7+ Kg5 33. c3 a5 34. g3 Rc6 35. Rd4 Bg6 36.
Bd5 Rc7 37. Bf3 Rc5 38. h4+ Kh6 39. Rd6 Rb5 40. b3 Kg7 41. c4 Rb4 42. h5 Bb1 43. Rd2 a4 44. Rb2 Bd3 45. Ke3 Bxc4 46. Bd1 axb3 47. axb3 Be6 48. Ra2 Kh6 49. Ra3 Kg5 50.
Kd3 h6 51. Kc3 Rb5 52. Ra6 Bg4 53. Bxg4 Kxg4 54. Kc4 Rc5+ 55. Kb4 Rxh5 56. Rxb6 Kg5 57. Rb5+ f5 58. Rc5 Rh3 59. Rc3 Kg4 60. Kc4 Rxg3 61. Rxg3+ Kxg3 62. Kd3 f4 63. Ke2 Kg2 0-1

[Event "*** Qualifier 4: Titled Tuesday 3|2 Blitz"]
[Site "Chess.com"]
[Date "2017.04.25"]
[Round "8"]
[White "Shivagami"]
[Black "saraswathii"]
[Result "1-0"]
[WhiteElo "1982"]
[BlackElo "2222"]
[TimeControl "180+2"]
[EndTime "14:46:53 PDT"]
[Termination "Shivagami won by resignation"]

1. d4 d5 2. Bf4 Bf5 3. c4 c6 4. e3 e6 5. Nc3 Nd7 6. Qb3 Qb6 7. c5 Qxb3 8. axb3 Ngf6 9. h3 Be7 10.
Nf3 O-O 11. b4 h6 12. b5 cxb5 13. Nxb5 a6 14. Nc3 Rfc8 15. b4 Ne4 16. Nxe4 Bxe4 17.
Nd2 Bg6 18. Be2 Bf6 19. Bd6 e5 20. Nb3 Bc2 21. dxe5 Nxe5 22. Nd4 Be4 23. O-O Nc6 24. Nxc6 Rxc6 25. Ra2 Bc3 26. b5 Rcc8 27. bxa6 bxa6 28. Bxa6 Rd8 29. Rc1 Bb4 30. Ra4 Bd2 31. Rca1 Bc3 32. R1a3 Bb2 33. Ra2 Bc3 34. Bb7 Rxa4 35. Rxa4 Kh7 36. f3 Bc2 37. Ra8 Rxa8 38. Bxa8 d4 39.
exd4 Bxd4+ 40. Kh2 Ba4 41. c6 Kg6 42. Bb7 Kf6 43.
c7 Bd7 44. c8=Q Bxc8 45. Bxc8 Kg6 46. g4 h5 47. Bf5+ Kf6 48. Kg3 hxg4 49. hxg4 g6 50. Bd3 Ke6 51. Bc7 Be3 52. Bc4+ Ke7 53. f4 f6 54. Kf3 Bc5 55. Ke4 Kd7 56. Bb8 Kc8 57. Kd5 Be3 58. Bd6 Kd7 59. Bb5+ 1-0

[Event "*** Qualifier 4: Titled Tuesday 3|2 Blitz"]
[Site "Chess.com"]
[Date "2017.04.25"]
[Round "8"]
[White "Cayse"]
[Black "TregubovP"]
[Result "1-0"]
[WhiteElo "2658"]
[BlackElo "2388"]
[TimeControl "180+2"]
[EndTime "14:47:20 PDT"]
[Termination "Cayse won on time"]

1. e4 c5 2. Nf3 e6 3. d4 cxd4 4.
Nxd4 Nc6 5. Nc3 Nf6 6. Ndb5 Bb4 7. a3 Bxc3+ 8. Nxc3 d5 9. exd5 exd5 10. Bd3 O-O 11. O-O d4 12. Ne2 Bg4 13. f3 Bh5 14. Nf4 Bg6 15. Nxg6 hxg6 16. Re1 Ne7 17. Qe2 Nf5 18. Qf2 Qb6 19. Rb1 Rfe8 20. Rxe8+ Rxe8 21. b4 Ne3 22. Bb2 Nfd5 23. g3 Nc3 24. Bxc3 dxc3 25. Re1 Re6 26. a4 Qd4 27. b5 b6 28.
Re2 f5 29. f4 Kf8 30. h3 Kf7 31.
Kh2 Qc5 32. Qf3 Qd4 33. Qf2 Re7 34. Qf3 Kf8 35. Qf2 Qc5 36. Qf3 Qd4 37. g4 Nd5 38.
Rxe7 Kxe7 39. Kg3 Kf6 40. g5+ Ke7 41. h4 Qg1+ 42. Kh3 Qe3 43. Kg3 Kd6 44. Qxe3 Nxe3 45. Kf3 Nd5 46. h5 gxh5 47. Bxf5 Ne7 48. Be4 g6 49. Ke3 Ke6 50. Kd4 Nf5+ 51. Kxc3 h4 52. Kd3 h3 53. c4 h2 54. Bf3 Ng3 55. Ke3 Kd6 56. Kf2 Nf5 57. Be4 Nh4 58. Kg3 Nf5+ 59.
Kxh2 Ne7 60. Kg3 Kc5 61. Bd3 Kd4 62. Bf1 Ke3 63. Bh3 Kd4 64. f5 gxf5 65. Kf4 Kxc4 66. Bxf5 Kb3 67. Bd3 Kxa4 68. Ke5 Kb4 69. Ke6 1-0

[Event "*** Qualifier 4: Titled Tuesday 3|2 Blitz"]
[Site "Chess.com"]
[Date "2017.04.25"]
[Round "8"]
[White "BogdanDeac"]
[Black "DryCounty"]
[Result "1-0"]
[WhiteElo "2567"]
[BlackElo "2485"]
[TimeControl "180+2"]
[EndTime "14:47:33 PDT"]
[Termination "BogdanDeac won by resignation"]

1. d4 Nf6 2. Bf4 Nh5 3. Bd2 Nf6 4. c4 g6 5. Nc3 Bg7 6. e4 d6 7. f4 O-O 8. Nf3 a6 9. Bd3 c5 10. dxc5 dxc5 11. Qe2 Bg4 12. e5 Ne8 13. Be4 Nc6 14. Bxc6 bxc6 15. O-O Nc7 16. Be3 Ne6 17.
Rad1 Qb6 18. Ne4 Rfd8 19. b3 Nd4 20. Bxd4 cxd4 21. c5 Qb4 22. Rd3 a5 23. Rc1 a4 24.
Rc4 Qb5 25. h3 Bxf3 26. Qxf3 axb3 27. axb3 Ra1+ 28. Kh2 Rb1 29. Nd2 Rb2 30. Qe4 Rd5 31.
Rdxd4 e6 32. Qe3 Bf8 33. Qc3 Ra2 34. Ne4 Kg7 35. Nf6 Rxd4 36. Qxd4 Qxb3 37. Ne8+ Kg8 38. Nf6+ Kg7 39. Rc1 Qf3 40. Rg1 Qf2 41. Ne8+ Kg8 42.
Nf6+ Kg7 43. Ne8+ Kh6 44. Qxf2 Rxf2 45. Nd6 Rxf4 46. Ra1 Bg7 47. Re1 Rd4 48. Nxf7+ Kh5 49. Rf1 Rd5 50. Kh1 Rxc5 51. Re1 Rd5 52. Re4 c5 53. Rg4 Rd4 54. Rg5+ Kh4 55. Kh2 Rd2 56. Rg4+ Kh5 57. Kg3 Rd3+ 58. Kh2 Rd2 59. Rg5+ Kh4 60. Rg4+ Kh5 61. Rc4 Re2 62. Rxc5 g5 63. Kg3 Kg6 64. Kf3 Re1 65. Nd8 Rf1+ 66. Ke2 Rg1 67. Kf2 Rd1 68. Nxe6 Bh6 69. g4 Rd3 70. Rc6 Bg7 71. Nc5+ Kf7 72.
Nxd3 1-0

[Event "*** Qualifier 4: Titled Tuesday 3|2 Blitz"]
[Site "Chess.com"]
[Date "2017.04.25"]
[Round "8"]
[White "EgorGeroev"]
[Black "jcibarra"]
[Result "1/2-1/2"]
[WhiteElo "2566"]
[BlackElo "2671"]
[TimeControl "180+2"]
[EndTime "14:47:34 PDT"]
[Termination "Game drawn - insufficient material"]

1. e4 c5 2. Nf3 Nf6 3. e5 Nd5 4.
Nc3 e6 5. Nxd5 exd5 6. d4 Nc6 7. dxc5 Bxc5 8. Bd3 d6 9. exd6 O-O 10. O-O Qxd6 11.
Re1 h6 12. h3 Bd7 13. Be3 Bxe3 14. Rxe3 Rfe8 15. Rxe8+ Rxe8 16. Qd2 Ne5 17. Nxe5 Qxe5 18. c3 Bf5 19. Bb5 Re7 20. Bf1 Bd7 21. Rd1 Ba4 22.
b3 Bc6 23. a4 g5 24. a5 Kg7 25. b4 a6 26. g3 Ba4 27. Ra1 Bc6 28. Bg2 Qe2 29.
Qd4+ Qe5 30. Qc5 Rc7 31. Rc1 Bd7 32. Qxd5 Qxd5 33. Bxd5 Bxh3 34. c4 Be6 35. Bxe6 fxe6 36. c5 Rd7 37. c6 Rc7 38. cxb7 Rxb7 39. Rc6 Rxb4 40. Rxe6 Ra4 41. Rxa6 g4 42. Kf1 Ra2 43. Ke1 h5 44. Ra8 Kh7 45. a6 Kg7 46. a7 Ra1+ 47. Ke2 Ra2+ 48. Ke3 Ra4 49. Kd3 Ra3+ 50. Ke4 Ra2 51.
Ke5 Re2+ 52. Kd4 Rd2+ 53. Kc4 Ra2 54. Kb3 Ra1 55. Kc4 Ra2 56. Kd5 Ra1 57. Ke6 Ra2 58.
Kd5 Ra1 59. Kd4 Ra4+ 60. Ke5 Ra2 61. Ke6 Re2+ 62. Kd6 Rd2+ 63. Kc6 Ra2 64. Kd7 Rd2+ 65. Ke6 Re2+ 66. Kf5 Rxf2+ 67. Kg5 Ra2 68. Kxh5 Ra5+ 69.
Kxg4 Ra4+ 70. Kf5 Ra5+ 71. Kf4 Ra4+ 72. Kg5 Ra5+ 73. Kh4 Ra4+ 74. g4 Ra1 75. Kh5 Ra5+ 76. g5 Ra1 77. Rd8 Rxa7 78. Rd5 Ra6 79. g6 Ra7 80.
Kg5 Rb7 81. Re5 Ra7 82. Kf5 Rb7 83. Ra5 Rc7 84. Ra6 Rb7 85. Rc6 Rb5+ 86. Kf4 Ra5 87.
Re6 Rb5 88. Re5 Rxe5 89. Kxe5 Kxg6 1/2-1/2

[Event "*** Qualifier 4: Titled Tuesday 3|2 Blitz"]
[Site "Chess.com"]
[Date "2017.04.25"]
[Round "9"]
[White "gumersindo"]
[Black "pastouche06"]
[Result "1/2-1/2"]
[WhiteElo "2278"]
[BlackElo "2332"]
[TimeControl "180+2"]
[EndTime "14:49:59 PDT"]
[Termination "Game drawn by agreement"]

1. d4 Nf6 2. c4 e6 3. Nc3 Bb4 4.
Qc2 O-O 5. a3 Bxc3+ 6. Qxc3 d5 7. Bg5 dxc4 8. Qxc4 b6 9. Rd1 Ba6 10. Qa4 h6 11. Bxf6 Qxf6 12. Nf3 c5 13. e3 Bxf1 14. Kxf1 cxd4 15. Qxd4 Qxd4 16. Nxd4 Rc8 17. Ke2 Nc6 18. Nxc6 Rxc6 19. Rc1 1/2-1/2

[Event "*** Qualifier 4: Titled Tuesday 3|2 Blitz"]
[Site "Chess.com"]
[Date "2017.04.25"]
[Round "9"]
[White "Aygehovit1992"]
[Black "Beca95"]
[Result "0-1"]
[WhiteElo "2491"]
[BlackElo "2690"]
[TimeControl "180+2"]
[EndTime "14:52:32 PDT"]
[Termination "Beca95 won by resignation"]

1. e4 c5 2. Nf3 d6 3. d4 cxd4 4.
Qxd4 Nf6 5. Bg5 Nc6 6. Bb5 Bd7 7. Bxc6 Bxc6 8. Nc3 e6 9. O-O-O Be7 10. Rhe1 Qa5 11.
Qd2 h6 12. Bf4 e5 13. Be3 b5 14. Kb1 b4 15. Nd5 Nxe4 16. Qd3 Qxd5 17. Qxd5 Bxd5 18. Rxd5 f5 19. Nd2 Nf6 20. Rb5 Kf7 21. Rxb4 f4 22. Bxf4 exf4 23. Rxf4 Rhe8 24. c3 d5 25. Ra4 Bc5 26.
Rxe8 Rxe8 27. Kc2 Re2 28. b4 Bb6 29. Ra6 Ne4 0-1

[Event "*** Qualifier 4: Titled Tuesday 3|2 Blitz"]
[Site "Chess.com"]
[Date "2017.04.25"]
[Round "9"]
[White "rubhani"]
[Black "Hikaru"]
[Result "0-1"]
[WhiteElo "2451"]
[BlackElo "2933"]
[TimeControl "180+2"]
[EndTime "14:52:47 PDT"]
[Termination "Hikaru won by resignation"]

1. e4 e5 2. Nf3 Nc6 3. Bb5 Nf6 4. d3 Bc5 5. O-O Nd4 6. Nxd4 Bxd4 7. Nd2 a6 8. Ba4 b5 9. Bb3 d6 10. h3 O-O 11. a4 Be6 12. c3 Bb6 13. Bxe6 fxe6 14. axb5 axb5 15. Rxa8 Qxa8 16. Qb3 Qe8 17. Nf3 h6 18. Be3 Nh5 19. Bxb6 cxb6 20. Re1 Rxf3 21. gxf3 Nf4 22. Rd1 Qh5 23. Kf1 Qxf3 0-1

[Event "*** Qualifier 4: Titled Tuesday 3|2 Blitz"]
[Site "Chess.com"]
[Date "2017.04.25"]
[Round "9"]
[White "saraswathii"]
[Black "rithwik2002"]
[Result "0-1"]
[WhiteElo "2207"]
[BlackElo "1835"]
[TimeControl "180+2"]
[EndTime "14:52:58 PDT"]
[Termination "rithwik2002 won by resignation"]

1. e4 e6 2. d3 d5 3. Nd2 Nf6 4.
Ngf3 Nc6 5. g3 dxe4 6. dxe4 e5 7. Bg2 Bc5 8. O-O O-O 9. c3 a5 10. Qe2 Qe7 11. Nc4 a4 12. Nh4 g6 13. Bh6 Rd8 14. Ne3 Bxe3 15. Bxe3 b6 16. Rfd1 Ba6 17. Qf3 Qe6 18. Bg5 Rxd1+ 19. Rxd1 Nd7 20. Bh6 Nc5 21. Rd5 Bc4 22. Rd2 Bxa2 23. Nf5 gxf5 24. exf5 Qxh6 0-1

[Event "*** Qualifier 4: Titled Tuesday 3|2 Blitz"]
[Site "Chess.com"]
[Date "2017.04.25"]
[Round "9"]
[White "djano"]
[Black "FearlessKing64"]
[Result "1-0"]
[WhiteElo "2405"]
[BlackElo "2094"]
[TimeControl "180+2"]
[EndTime "14:53:18 PDT"]
[Termination "djano won by resignation"]

1. d4 Nf6 2. Bf4 d5 3. e3 e6 4. Nf3 Bd6 5. Bg3 c5 6. Nbd2 a6 7. c3 Nc6 8. Bd3 Qe7 9. Ne5 Bd7 10. Qe2 cxd4 11. exd4 O-O-O 12. Ndf3 Rdf8 13. b4 Kb8 14. a4 Bxe5 15. Nxe5 Nxe5 16. Qxe5+ Ka8 17. b5 a5 18. Qc7 Qd8 19. Qxd8+ Rxd8 20. Bc7 Rc8 21.
Bxa5 Rhe8 22. f3 e5 23. dxe5 Rxe5+ 24. Kd2 Bf5 25. Rhe1 Rxe1 26. Rxe1 Be6 27. Bb6 Nd7 28. Bd4 f6 29. Rxe6 1-0